ITL
ALLENTOWN HILLBILLIES @ TOPEKA TORNADOS
04/13/2028
 
TOP OF THE 1ST
Allentown Hillbillies batting - Pitching for Topeka Tornados : LHP Craig Sturdy
Pitching: LHP Craig Sturdy
Batting: RHB Dan Banks 0-0: Ball
1-0: Ground out 4-3 (Groundball, 4)
Batting: RHB Donald Sanford 0-0: Called Strike
0-1: SINGLE (Groundball, 6MD)
Batting: RHB António Yánez 0-0: Ball
1-0: Swinging Strike
1-1: Ball
2-1: Foul Ball, location: 2F
2-2: Ball
3-2: Strikes out swinging
Batting: LHB Eduardo Rodríguez 0-0: Called Strike
0-1: Foul Ball, location: 2F
0-2: Ball
1-2: Fly out, F7 (Flyball, 7D)
Top of the 1st over - 0 run(s), 1 hit(s), 0 error(s), 1 left on base; Allentown 0 - Topeka 0
BOTTOM OF THE 1ST
Topeka Tornados batting - Pitching for Allentown Hillbillies : RHP Carlos García
Pitching: RHP Carlos García
Batting: RHB Armando Méndez 0-0: Fly out, F5 (Popup, 56)
Batting: RHB James Stevens 0-0: Ball
1-0: Foul Ball, location: 2F
1-1: Ball
2-1: Ball
3-1: Base on Balls
Batting: LHB Ramón Pérez 0-0: Swinging Strike
0-1: Ball
1-1: Ball
2-1: Foul Ball, location: 2F
2-2: Ball
3-2: Strikes out swinging
James Stevens steals 2nd base
Batter strikes out.
Batting: SHB Javier Peña 0-0: Foul Ball, location: 2F
0-1: Ball
1-1: Foul Ball, location: 2F
1-2: Foul Ball, location: 2F
1-2: Fly out, F7 (Flyball, 78D)
Bottom of the 1st over - 0 run(s), 0 hit(s), 0 error(s), 1 left on base; Allentown 0 - Topeka 0
TOP OF THE 2ND
Allentown Hillbillies batting - Pitching for Topeka Tornados : LHP Craig Sturdy
Batting: LHB Marcos Vargas 0-0: Swinging Strike
0-1: Swinging Strike
0-2: Strikes out swinging
Batting: RHB Millard Stark 0-0: DOUBLE (Line Drive, 9LM)
Batting: LHB Rafael Flores 0-0: Foul Ball, location: 2F
0-1: Ball
1-1: DOUBLE (Line Drive, 7LM)
Millard Stark scores
Batting: RHB Joel Jackson 0-0: Called Strike
0-1: Ball
1-1: Ball
2-1: Ball
3-1: Base on Balls
Batting: RHB Diego Rivera 0-0: Ball
1-0: Ball
2-0: Ball
3-0: Base on Balls
Rafael Flores to third
Joel Jackson to second
Batting: RHB Dan Banks 0-0: Ball
1-0: Foul Ball, location: 2F
1-1: DOUBLE (Groundball, 3L)
Rafael Flores scores
Joel Jackson scores
Diego Rivera to third
Batting: RHB Donald Sanford 0-0: Foul Ball, location: 2F
0-1: Ball
1-1: Ball
2-1: Called Strike
2-2: Ground out 4-3 (Groundball, 4)
Diego Rivera scores
Dan Banks to third
Batting: RHB António Yánez 0-0: Ball
1-0: Called Strike
1-1: Ball
2-1: Foul Ball, location: 2F
2-2: Ball
3-2: Base on Balls
Batting: LHB Eduardo Rodríguez 0-0: Called Strike
0-1: Ball
1-1: Called Strike
1-2: Ball
2-2: DOUBLE (Flyball, 89XD)
Dan Banks scores
António Yánez to third
Batting: LHB Marcos Vargas 0-0: Foul Ball, location: 2F
0-1: Ball
1-1: Foul Ball, location: 2F
1-2: Foul Ball, location: 2F
1-2: Reached on error, E8 (Flyball, 8LD)
António Yánez scores
Eduardo Rodríguez scores
Pitching: LHP Tony Rivera
Batting: RHB Millard Stark 0-0: Called Strike
0-1: Called Strike
0-2: Ball
1-2: 2-RUN HOME RUN (Line Drive, 78XD), Distance : 405 ft
Batting: LHB Rafael Flores 0-0: DOUBLE (Flyball, 7LM)
Batting: RHB Joel Jackson 0-0: Ball
1-0: Ball
2-0: Called Strike
2-1: Ground out 6-3 (Groundball, 6)
Top of the 2nd over - 9 run(s), 6 hit(s), 1 error(s), 1 left on base; Allentown 9 - Topeka 0
BOTTOM OF THE 2ND
Topeka Tornados batting - Pitching for Allentown Hillbillies : RHP Carlos García
Batting: RHB Ed Watkins 0-0: Called Strike
0-1: Foul Ball, location: 2F
0-2: Ball
1-2: Ground out 6-3 (Groundball, 56)
Batting: LHB Yoshiaki Ohayashi 0-0: Ball
1-0: Ball
2-0: Called Strike
2-1: Foul Ball, location: 2F
2-2: Ball
3-2: Fly out, F7 (Flyball, 7S)
Batting: LHB Alfredo Sánchez 0-0: Called Strike
0-1: Ball
1-1: Ball
2-1: Ball
3-1: Base on Balls
Batting: LHB Tom Robinson 0-0: Foul Ball, location: 2F
0-1: Ball
1-1: Swinging Strike
1-2: Foul Ball, location: 2F
1-2: Foul Ball, location: 2F
1-2: Ball
2-2: Foul Ball, location: 2F
2-2: Ball
3-2: Strikes out looking
Bottom of the 2nd over - 0 run(s), 0 hit(s), 0 error(s), 1 left on base; Allentown 9 - Topeka 0
TOP OF THE 3RD
Allentown Hillbillies batting - Pitching for Topeka Tornados : LHP Tony Rivera
Batting: RHB Diego Rivera 0-0: Called Strike
0-1: Ground out 6-3 (Groundball, 6MD)
Batting: RHB Dan Banks 0-0: Ball
1-0: Ball
2-0: SINGLE (Groundball, 56S) (infield hit)
Batting: RHB Donald Sanford 0-0: Called Strike
0-1: Ball
1-1: Called Strike
1-2: Strikes out swinging
Dan Banks steals 2nd base
Batter strikes out.
Batting: RHB António Yánez 0-0: Swinging Strike
0-1: SINGLE (Line Drive, 34D)
Dan Banks to third
Runner from 3rd tries for Home, SAFE, no throw
Batting: LHB Eduardo Rodríguez 0-0: Called Strike
0-1: Fly out, F7 (Flyball, 7S)
Top of the 3rd over - 1 run(s), 2 hit(s), 0 error(s), 1 left on base; Allentown 10 - Topeka 0
BOTTOM OF THE 3RD
Topeka Tornados batting - Pitching for Allentown Hillbillies : RHP Carlos García
Batting: LHB Bill Frazier 0-0: Ball
1-0: Ball
2-0: Called Strike
2-1: Ball
3-1: DOUBLE (Line Drive, 78D)
Batting: RHB Armando Méndez 0-0: Ball
1-0: Called Strike
1-1: Foul Ball, location: 2F
1-2: Ball
2-2: SINGLE (Groundball, 4MD)
Bill Frazier to third
Batting: RHB James Stevens 0-0: Ball
1-0: Called Strike
1-1: Swinging Strike
1-2: Foul Ball, location: 2F
1-2: Strikes out swinging
Batting: LHB Ramón Pérez 0-0: Ball
1-0: Ball
2-0: Foul Ball, location: 2F
2-1: Foul Ball, location: 2F
2-2: Grounds into double play, 4-6-3 (Groundball, 4)
Bottom of the 3rd over - 0 run(s), 2 hit(s), 0 error(s), 1 left on base; Allentown 10 - Topeka 0
TOP OF THE 4TH
Allentown Hillbillies batting - Pitching for Topeka Tornados : LHP Tony Rivera
Batting: LHB Marcos Vargas 0-0: Called Strike
0-1: Foul Ball, location: 2F
0-2: Ball
1-2: Ball
2-2: Ground out 1-3 (Groundball, P)
Batting: RHB Millard Stark 0-0: Called Strike
0-1: Swinging Strike
0-2: Ball
1-2: Strikes out swinging
Batting: LHB Rafael Flores 0-0: SINGLE (Line Drive, 8RS)
Batting: RHB Joel Jackson 0-0: Called Strike
0-1: Ball
1-1: Foul Ball, location: 2F
1-2: Strikes out swinging
Top of the 4th over - 0 run(s), 1 hit(s), 0 error(s), 1 left on base; Allentown 10 - Topeka 0
BOTTOM OF THE 4TH
Topeka Tornados batting - Pitching for Allentown Hillbillies : RHP Carlos García
Batting: SHB Javier Peña 0-0: Ball
1-0: Ball
2-0: Ball
3-0: Base on Balls
Pitching: LHP Emílio Trevino
Batting: RHB Ed Watkins 0-0: Ball
1-0: Fly out, F9 (Flyball, 9LM)
Batting: LHB Yoshiaki Ohayashi 0-0: Ball
1-0: SINGLE (Line Drive, 34D)
Javier Peña to second
Batting: LHB Alfredo Sánchez 0-0: Called Strike
Javier Peña steals 3rd base
Yoshiaki Ohayashi to second
0-1: Ball
1-1: Ball
2-1: Ball
3-1: Base on Balls
Batting: LHB Tom Robinson 0-0: Ball
1-0: Foul Ball, location: 2F
1-1: Foul Ball, location: 2F
1-2: Foul Ball, location: 2F
1-2: Ball
2-2: Ball
3-2: Fly out, F6 (Popup, 56D)
Batting: LHB Bill Frazier 0-0: Called Strike
0-1: SINGLE (Groundball, 4MD)
Javier Peña scores
Yoshiaki Ohayashi to third
Alfredo Sánchez to second
Runner from 3rd tries for Home, SAFE, no throw
Batting: RHB Armando Méndez 0-0: Ball
1-0: Ball
2-0: SINGLE (Groundball, 56D)
Alfredo Sánchez to third
Bill Frazier to second
Batting: RHB James Stevens 0-0: Ball
1-0: GRAND SLAM HOME RUN (Flyball, 7D), Distance : 387 ft
Pitching: LHP Nick Merrit
Batting: LHB Ramón Pérez 0-0: Called Strike
0-1: Fly out, F9 (Flyball, 89M)
Bottom of the 4th over - 6 run(s), 4 hit(s), 0 error(s), 0 left on base; Allentown 10 - Topeka 6
TOP OF THE 5TH
Allentown Hillbillies batting - Pitching for Topeka Tornados : LHP Tony Rivera
Batting: RHB Diego Rivera 0-0: Foul Ball, location: 2F
0-1: Reached on error, E5 (Groundball, 56)
Batting: RHB Dan Banks 0-0: Ball
1-0: Called Strike
1-1: Ball
2-1: Foul Ball, location: 2F
2-2: Strikes out swinging
Batting: RHB Donald Sanford 0-0: Foul Ball, location: 2F
0-1: Ball
1-1: Ball
2-1: Foul Ball, location: 2F
2-2: Foul Ball, location: 2F
2-2: Foul Ball, location: 2F
2-2: Fly out, F8 (Flyball, 8LM)
Batting: RHB António Yánez 0-0: Called Strike
0-1: Ball
1-1: Ball
2-1: Ball
3-1: Swinging Strike
3-2: Foul Ball, location: 2F
3-2: Base on Balls
Diego Rivera to second
Batting: LHB Eduardo Rodríguez 0-0: Fielders Choice at 2nd, U6 (Groundball, 6M)
Top of the 5th over - 0 run(s), 0 hit(s), 1 error(s), 2 left on base; Allentown 10 - Topeka 6
BOTTOM OF THE 5TH
Topeka Tornados batting - Pitching for Allentown Hillbillies : LHP Nick Merrit
Batting: SHB Javier Peña 0-0: Ball
1-0: Called Strike
1-1: Swinging Strike
1-2: Foul Ball, location: 2F
1-2: Ball
2-2: Fly out, F7 (Line Drive, 7S)
Batting: RHB Ed Watkins 0-0: Ball
1-0: Called Strike
1-1: Called Strike
1-2: Ball
2-2: Ball
3-2: Fly out, F9 (Flyball, 9S)
Batting: LHB Yoshiaki Ohayashi 0-0: Called Strike
0-1: Ball
1-1: Foul Ball, location: 2F
1-2: Foul Ball, location: 2F
1-2: SINGLE (Groundball, 34D)
Batting: LHB Alfredo Sánchez 0-0: Swinging Strike
0-1: Ground out 5-3 (Groundball, 56S)
Bottom of the 5th over - 0 run(s), 1 hit(s), 0 error(s), 1 left on base; Allentown 10 - Topeka 6
TOP OF THE 6TH
Allentown Hillbillies batting - Pitching for Topeka Tornados : LHP Tony Rivera
Pitching: RHP Craig Adams
Batting: LHB Marcos Vargas 0-0: Called Strike
0-1: Ball
1-1: Ball
2-1: Called Strike
2-2: DOUBLE (Line Drive, 9LM)
Batting: RHB Millard Stark 0-0: Intentional Walk
Batting: LHB Rafael Flores 0-0: Ball
1-0: Fly out, F7 (Flyball, 7S)
Batting: RHB Joel Jackson 0-0: Called Strike
0-1: Ball
1-1: Called Strike
1-2: Foul Ball, location: 2F
1-2: Ball
2-2: Ball
3-2: SINGLE (Groundball, 56) (infield hit)
Marcos Vargas to third
Millard Stark to second
Pitching: LHP Jorge Ybarra
Batting: RHB Diego Rivera 0-0: Ball
1-0: Swinging Strike
1-1: Swinging Strike
1-2: Ball
2-2: Strikes out looking
Batting: RHB Dan Banks 0-0: GRAND SLAM HOME RUN (Flyball, 7LD), Distance : 350 ft
Batting: RHB Donald Sanford 0-0: Ball
1-0: Swinging Strike
1-1: Ball
2-1: Ball
3-1: Ground out 1-3 (Groundball, P)
Top of the 6th over - 4 run(s), 3 hit(s), 0 error(s), 0 left on base; Allentown 14 - Topeka 6
BOTTOM OF THE 6TH
Topeka Tornados batting - Pitching for Allentown Hillbillies : LHP Nick Merrit
Batting: LHB Tom Robinson 0-0: Ball
1-0: Called Strike
1-1: Ball
2-1: Foul Ball, location: 2F
2-2: Foul Ball, location: 2F
2-2: Ground out 4-3 (Groundball, 4)
Batting: LHB Bill Frazier 0-0: Called Strike
0-1: Swinging Strike
0-2: Ball
1-2: Ball
2-2: Ball
3-2: Strikes out looking
Batting: RHB Armando Méndez 0-0: Foul Ball, location: 2F
0-1: Ball
1-1: Swinging Strike
1-2: Ball
2-2: Ball
3-2: Ground out 5-3 (Groundball, 5)
Bottom of the 6th over - 0 run(s), 0 hit(s), 0 error(s), 0 left on base; Allentown 14 - Topeka 6
TOP OF THE 7TH
Allentown Hillbillies batting - Pitching for Topeka Tornados : LHP Jorge Ybarra
Batting: RHB António Yánez 0-0: Ball
1-0: Ball
2-0: Called Strike
2-1: Ball
3-1: Swinging Strike
3-2: Base on Balls
Batting: LHB Eduardo Rodríguez 0-0: SINGLE (Flyball, 78S)
António Yánez to second
Batting: LHB Marcos Vargas 0-0: Ball
1-0: Ball
2-0: Ball
3-0: Base on Balls
António Yánez to third
Eduardo Rodríguez to second
Batting: RHB Millard Stark 0-0: Ball
1-0: Foul Ball, location: 2F
1-1: SINGLE (Flyball, 78S)
António Yánez scores
Eduardo Rodríguez to third
Marcos Vargas to second
Batting: LHB Rafael Flores 0-0: Fly out, F5 (Popup, 5L)
Batting: RHB Joel Jackson 0-0: SINGLE (Groundball, 3D)
Eduardo Rodríguez scores
Marcos Vargas to third
Millard Stark to second
Batting: RHB Diego Rivera 0-0: Called Strike
0-1: Ball
1-1: Fly out, F8 (Flyball, 8LXD)
Runner from 3rd tags up, SCORES, no throw
Millard Stark to third
Pitching: LHP John Livingston
Batting: RHB Dan Banks 0-0: Ball
1-0: Foul Ball, location: 2F
1-1: Called Strike
1-2: Strikes out swinging
Top of the 7th over - 3 run(s), 3 hit(s), 0 error(s), 2 left on base; Allentown 17 - Topeka 6
BOTTOM OF THE 7TH
Topeka Tornados batting - Pitching for Allentown Hillbillies : LHP Nick Merrit
Pitching: LHP Alberto Maldonado
Batting: RHB James Stevens 0-0: Ball
1-0: Ball
2-0: Foul Ball, location: 2F
2-1: Fly out, F5 (Line Drive, 5)
Batting: LHB Ramón Pérez 0-0: Ball
1-0: Ball
2-0: Called Strike
2-1: Ball
3-1: Swinging Strike
3-2: Strikes out swinging
Batting: SHB Javier Peña 0-0: Swinging Strike
0-1: Foul Ball, location: 2F
0-2: Ball
1-2: SINGLE (Line Drive, 4MD)
Batting: RHB Ed Watkins 0-0: Ball
1-0: Ball
Javier Peña steals 2nd base
2-0: Called Strike
2-1: Swinging Strike
2-2: Fly out, F9 (Line Drive, 9D)
Bottom of the 7th over - 0 run(s), 1 hit(s), 0 error(s), 1 left on base; Allentown 17 - Topeka 6
TOP OF THE 8TH
Allentown Hillbillies batting - Pitching for Topeka Tornados : LHP John Livingston
Batting: RHB Donald Sanford 0-0: Called Strike
0-1: Ball
1-1: Swinging Strike
1-2: Strikes out looking
Batting: RHB António Yánez 0-0: Swinging Strike
0-1: Swinging Strike
0-2: Ball
1-2: Strikes out swinging
Batting: LHB Eduardo Rodríguez 0-0: Called Strike
0-1: Ball
1-1: Fly out, F7 (Flyball, 7)
Top of the 8th over - 0 run(s), 0 hit(s), 0 error(s), 0 left on base; Allentown 17 - Topeka 6
BOTTOM OF THE 8TH
Topeka Tornados batting - Pitching for Allentown Hillbillies : LHP Alberto Maldonado
Now in CF: George Knight
Batting: LHB Yoshiaki Ohayashi 0-0: Ball
1-0: Foul Ball, location: 2F
1-1: Ball
2-1: Called Strike
2-2: Ball
3-2: Strikes out swinging
Batting: LHB Alfredo Sánchez 0-0: Called Strike
0-1: Called Strike
0-2: Ball
1-2: Foul Ball, location: 2F
1-2: Ball
2-2: Strikes out swinging
Batting: LHB Tom Robinson 0-0: Called Strike
0-1: Ball
1-1: Foul Ball, location: 2F
1-2: Ground out 6-3 (Groundball, 6)
Bottom of the 8th over - 0 run(s), 0 hit(s), 0 error(s), 0 left on base; Allentown 17 - Topeka 6
TOP OF THE 9TH
Allentown Hillbillies batting - Pitching for Topeka Tornados : LHP John Livingston
Pinch Hitting: RHB Albert Lutz 0-0: Called Strike
0-1: Ball
1-1: Ground out 6-3 (Groundball, 6)
Batting: RHB Millard Stark 0-0: Called Strike
0-1: Ball
1-1: Ball
2-1: Ball
3-1: Foul Ball, location: 2F
3-2: Base on Balls
Pinch Hitting: RHB Carl Brown 0-0: Ball
1-0: Called Strike
1-1: Swinging Strike
1-2: Strikes out swinging
Batting: RHB Joel Jackson 0-0: Ball
1-0: Ball
2-0: SINGLE (Line Drive, 78M)
Millard Stark to second
Batting: RHB Diego Rivera 0-0: Called Strike
0-1: Ball
1-1: Called Strike
1-2: Ball
2-2: Ball
3-2: Foul Ball, location: 2F
3-2: Foul Ball, location: 2F
3-2: Base on Balls
Millard Stark to third
Joel Jackson to second
Batting: LHB George Knight 0-0: Called Strike
0-1: Ball
1-1: Ball
2-1: GRAND SLAM HOME RUN (Flyball, 89XD), Distance : 407 ft
Pitching: RHP Reginaldo Coscia
Batting: RHB Donald Sanford 0-0: Foul Ball, location: 2F
0-1: Foul Ball, location: 2F
0-2: Ball
1-2: Strikes out looking
Top of the 9th over - 4 run(s), 2 hit(s), 0 error(s), 0 left on base; Allentown 21 - Topeka 6
BOTTOM OF THE 9TH
Topeka Tornados batting - Pitching for Allentown Hillbillies : RHP Dale Downs
Pitching: RHP Dale Downs
Now at 1B: Carl Brown
Now at 2B: Bartolo López
Batting: LHB Bill Frazier 0-0: Ball
1-0: Called Strike
1-1: Foul Ball, location: 2F
1-2: Ball
2-2: Ball
3-2: Base on Balls
Batting: RHB Armando Méndez 0-0: Ball
1-0: Ball
2-0: Fly out, F8 (Flyball, 8LXD)
Batting: RHB James Stevens 0-0: Ball
Wild Pitch!
Bill Frazier to second
1-0: Called Strike
1-1: 2-RUN HOME RUN (Line Drive, 89XD), Distance : 394 ft
Batting: LHB Ramón Pérez 0-0: Ball
1-0: Ball
2-0: Ground out 6-3 (Groundball, 56D)
Batting: SHB Javier Peña 0-0: Ball
1-0: Foul Ball, location: 2F
1-1: Ball
2-1: Foul Ball, location: 2F
2-2: Strikes out swinging
Bottom of the 9th over - 2 run(s), 1 hit(s), 0 error(s), 0 left on base; Allentown 21 - Topeka 8
Tuesday, August 8th, 2017 - OOTP Baseball 17.12 Build 75